 Dungeon Crawl Stone Soup version 0.27-a0-887-gcab673c142 (webtiles) character file.

Game seed: 162819680050580308

8 Alarkh the Insei (level 2, 22/22 HPs)
             Began as a Demonspawn Gladiator on Apr 4, 2021.
             Got out of the dungeon alive.
             The game lasted 00:00:41 (323 turns).

Alarkh the Insei (Demonspawn Gladiator)              Turns: 323, Time: 00:00:42

Health: 22/22      AC:  3    Str: 14    XL:     2   Next: 0%
Magic:  2/2        EV: 12    Int:  9    God:
Gold:   10         SH:  0    Dex: 14    Spells: 1/1 levels left

rFire    . . .     SeeInvis .     - Unarmed
rCold    . . .     Faith    .   (no shield)
rNeg     . . .     Spirit   .   a - +0 leather armour
rPois    .         Reflect  .   (helmet restricted)
rElec    .         Harm     .   (no cloak)
rCorr    .         Rampage  .   (no gloves)
Will     .....                  (no boots)
Stlth    +.........             (no amulet)
HPRegen  0.07/turn              (no ring)
MPRegen  0.08/turn              (no ring)

@: no status effects
A: horns 1
a: no special abilities


You escaped.
You visited 1 branch of the dungeon, and saw 1 of its levels.

You collected 10 gold pieces.

Inventory:

Missiles
 c - 3 throwing nets (quivered)
Armour
 a - a +0 leather armour (worn)
 b - a +0 helmet
Scrolls
 d - a scroll of silence {unknown}
Potions
 e - a potion of magic {unknown}
 f - a potion of haste {unknown}


   Skills:
 + Level 2.2 Fighting
 - Level 1.7 Throwing
 - Level 2.6 Dodging
 * Level 3.1 Unarmed Combat


You had one spell level left.
You didn't know any spells.
Your spell library was empty.

Dungeon Overview and Level Annotations

Branches:
Dungeon (1/15)

Altars:


Innate Abilities, Weirdness & Mutations

You have a pair of small horns on your head.


Message History

The dart slug launches a dart at you. The slug dart hits you.
You hit the dart slug but do no damage. The dart slug closely misses you.
You hit the dart slug.
The dart slug is heavily wounded.
You hit the dart slug. You punch the dart slug.
You kill the dart slug!
Your Unarmed Combat skill increases to level 3!
No target in view!
No target in view!
No target in view!
No target in view!
No target in view!
No target in view!
No target in view!
No target in view!
No target in view!
No target in view!
A frilled lizard comes into view.
Found 7 gold pieces.
A frilled lizard is nearby!
A frilled lizard is nearby!
Found 10 gold pieces.
The frilled lizard hisses angrily.
Found 10 gold pieces.
You closely miss the frilled lizard. The frilled lizard closely misses you.
You barely miss the frilled lizard. The frilled lizard closely misses you.
You hit the frilled lizard.
You kill the frilled lizard!
You have reached level 2!
You feel monstrous as your demonic heritage exerts itself.
Your demonic ancestry asserts itself...
A pair of horns grows on your head!
Your +0 helmet falls away!
There is a stone staircase leading down here.
You see here a +0 whip.
The seven-headed hydra roars!
The iguana hisses angrily.
There is a staircase leading out of the dungeon here.
Are you sure you want to leave the Dungeon?
This will make you lose the game!
You have escaped!

###########
#@........###
########....#
...........# ..
...........# .8.
#######..8.#
....#BwlSD#....#
.8..#######..8.#
...............#
...
#.8.......8.###


There were no monsters in sight!

Vanquished Creatures
  A dart slug (D:1)
  2 endoplasms (D:1)
  2 frilled lizards (D:1)
  2 rats (D:1)
7 creatures vanquished.

Notes
Turn   | Place    | Note
-------+----------+-------------------------------------------
     0 | D:1      | Alarkh the Demonspawn Gladiator began the quest for the
                  | Orb.
     0 | D:1      | Reached XP level 1. HP: 16/16 MP: 1/1
     6 | D:1      | Noticed an iguana
     6 | D:1      | Noticed a black mamba
     7 | D:1      | Noticed a seven-headed hydra
   214 | D:1      | Reached skill level 3 in Unarmed Combat
   224 | D:1      | Gained mutation: You have a pair of small horns on your
                  | head. [demonic ancestry]
   224 | D:1      | Reached XP level 2. HP: 17/22 MP: 2/2
   323 | D:$      | Got out of the dungeon alive.

Illustrated notes

Levels and vault maps discovered:
D:1:      onia_arrival_zoo_common, layout_loops_ring,
          chequers_ecumenical_altar_island, minmay_misc_feat_doors,
          serial_bayou_crossing

Skill      XL: |  1 |
---------------+----+-----
Unarmed Combat | 3 |  3.1
Fighting       | |  2.2
Throwing       | |  1.7
Dodging        | |  2.6

Action                   || total
-------------------------++-------
Melee: Unarmed           ||    25
       Punch             ||     1
Armor: Leather armour    ||     2
Dodge: Dodged            ||    16

Table legend: (Time is in decaauts)
 A = Elapsed time spent in this place.
 B = Non-inter-level travel time spent in this place.
 C = Inter-level travel time spent in this place.
 D = Time resting spent in this place.
 E = Time spent auto-exploring this place.
 F = Levels seen in this place.
 G = Mean time per level.
                   A        B        C        D        E       F      G
               +--------+--------+--------+--------+--------+-----+--------+
         Total |    327 |    229 |     98 |      0 |    168 |   1 |  327.0 |
       Dungeon |    327 |    229 |     98 |      0 |    168 |   1 |  327.0 |
               +--------+--------+--------+--------+--------+-----+--------+

Top non-repeatable levels by time:
     D:1: 327 daAuts
